Maple Leafs vs Senateurs
Created - January 18, 2021 at 20:07
Goals
|
Maple Leafs |
1 |
0 |
0 |
1 |
Senateurs |
0 |
0 |
3 |
3 |
|
Shots
|
Maple Leafs |
12 |
7 |
8 |
27 |
Senateurs |
12 |
14 |
11 |
37 |
|
1st period
1. Maple Leafs , Kyle Clifford 12 (Mika Zibanejad 11, Kevin Shattenkirk 33) at 2:19
Penalties :
Beau Bennett (Tor) for Slashing (Minor) at 4:00, Reilly Smith (Ott) for Hooking (Minor) at 10:34, Andre Burakovsky (Tor) for Tripping (Minor) at 14:45
2nd period
No Goal
Penalties :
Matt Moulson (Ott) for Roughing (Minor) at 3:30, Colby Armstrong (Ott) for Interference (Minor) at 10:23, Ben Smith (Tor) for Hooking (Minor) at 19:30
3rd period
2. Senateurs , Maxim Lapierre 7 (Marek Svatos 10, Arturs Kulda 5) at 2:06
3. Senateurs , Brian McGrattan 5 (Peter Regin 4, Nate Prosser 9) at 3:59
4. Senateurs , Cody Franson 5 (Reilly Smith 13, Brandon Burlon 4) at 19:48 (Empty Net)
Penalties :
Ben Smith (Tor) for Holding (Minor) at 4:43, Braydon Coburn (Tor) for Holding (Minor) at 12:20
Goalie Stats
John Gibson (Tor), 34 saves from 36 shots - (0.944), L, 10-8-3, 59:46 minutes
Jaroslav Halak (Ott), 26 saves from 27 shots - (0.963), W, 19-14-4, 60:00 minutes
Players Stats for Maple Leafs
Player Name G A P +/- PIM S H SB GA TA FO MP PP MP PK MP
------------------------------------------------------------------------------------
Andre Burakovsky 0 0 0 0 2 1 2 0 0 0 1/1 13:31 0:00 0:00
Beau Bennett 0 0 0 -1 2 2 1 0 1 0 1/1 11:45 0:00 0:00
Ben Smith 0 0 0 0 4 2 0 1 1 0 0/0 15:33 2:50 0:29
Blake Comeau 0 0 0 -1 0 2 0 0 0 0 1/1 6:32 0:00 0:00
Brayden Schenn 0 0 0 0 0 3 1 1 0 1 9/28 21:43 3:07 5:27
Braydon Coburn 0 0 0 -2 2 1 2 1 0 0 0/0 23:25 2:35 5:17
Calvin de Haan 0 0 0 1 0 2 0 0 1 0 0/0 11:06 0:00 0:54
Chris Kelly 0 0 0 -1 0 1 1 0 0 0 2/4 6:32 0:00 0:00
Dany Heatley 0 0 0 -2 0 0 0 0 0 0 0/1 8:11 0:00 0:50
Hampus Lindholm 0 0 0 -1 0 0 0 1 0 0 0/0 22:44 2:35 3:35
Jake Guentzel 0 0 0 -1 0 1 1 1 1 0 0/0 14:41 2:50 0:00
John Klingberg 0 0 0 -1 0 0 1 1 0 0 0/0 19:57 3:22 0:06
Jordan Staal 0 0 0 -1 0 1 2 1 1 0 6/12 15:32 0:00 3:10
Kevin Shattenkirk 0 1 1 -1 0 3 2 0 0 0 0/0 25:31 3:22 3:27
Kyle Clifford 1 0 1 1 0 4 1 0 0 1 2/3 20:04 3:07 5:44
Mika Zibanejad 0 1 1 0 0 3 2 1 1 0 9/13 15:43 2:50 1:00
Patrick Kane 0 0 0 0 0 1 5 0 3 1 0/1 20:02 3:07 3:10
Ryan Parent 0 0 0 0 0 0 1 5 1 1 0/0 17:28 0:00 6:31
Players Stats for Senateurs
Player Name G A P +/- PIM S H SB GA TA FO MP PP MP PK MP
------------------------------------------------------------------------------------
Arturs Kulda 0 1 1 1 0 0 0 0 0 0 0/0 14:02 0:13 0:57
Brandon Burlon 0 1 1 2 0 0 0 0 0 1 0/0 18:57 2:42 0:00
Brian McGrattan 1 0 1 1 0 1 2 0 0 1 0/0 8:12 0:00 0:00
Cody Franson 1 0 1 2 0 3 3 1 0 3 0/0 28:16 6:02 3:18
Colby Armstrong 0 0 0 0 2 1 3 0 1 1 0/0 16:20 4:13 0:00
Derek Boogaard 0 0 0 0 0 2 5 1 0 0 2/3 24:29 5:39 2:55
Dion Phaneuf 0 0 0 0 0 0 0 1 1 1 0/0 13:57 2:12 2:01
Eric Gelinas 0 0 0 -1 0 0 0 1 0 0 0/0 23:08 4:48 2:59
Marek Svatos 0 1 1 1 0 3 1 0 1 0 1/1 8:48 0:12 0:00
Matt Martin 0 0 0 0 0 4 1 0 0 1 0/0 18:06 4:13 1:39
Matt Moulson 0 0 0 1 2 0 1 0 0 0 0/1 8:49 0:00 1:07
Maxim Lapierre 1 0 1 1 0 2 0 0 0 0 3/6 8:33 0:08 0:00
Nate Prosser 0 1 1 0 0 2 1 3 0 0 0/0 21:23 3:53 2:39
Nick Bjugstad 0 0 0 0 0 3 0 0 0 1 7/11 16:42 4:13 0:22
Peter Regin 0 1 1 1 0 6 0 0 0 0 4/8 9:29 0:00 1:24
Reilly Smith 0 1 1 0 2 2 0 0 0 0 1/3 22:28 5:33 1:03
Sergei Kostitsyn 0 0 0 1 0 1 0 0 0 1 0/1 8:01 0:00 0:23
Sidney Crosby 0 0 0 0 0 7 1 0 1 0 16/31 24:20 5:34 3:01
3 Stars
1 - Cody Franson (Ott)
2 - Jaroslav Halak (Ott)
3 - Brian McGrattan (Ott)
Power Play
Maple Leafs - 0 on 3 Attempt(s) - 0.00%
Senateurs - 0 on 5 Attempt(s) - 0.00%
Penalty Kill
Maple Leafs - 5 on 5 Attempt(s) - 100.00%
- Score 0 goal in Penalty Kill
Senateurs - 3 on 3 Attempt(s) - 100.00%
- Score 0 goal in Penalty Kill
Team Stat
Maple Leafs - Hits : 22 - Faceoff Wins : 31 - Blocked Shots : 13 - Penalty Minutes : 10
Senateurs - Hits : 18 - Faceoff Wins : 34 - Blocked Shots : 7 - Penalty Minutes : 6
Official
Referees : Unknown
Linesman : Unknown
Game Notes
Dion Phaneuf is injured at 9:49 of 2nd period (Sports Hernia)
Cody Franson has scored in a empty net!
Finance
Level 1 -- Attendance: 6000 (100.00%) -- Ticket Income $618,000
Level 2 -- Attendance: 4247 (84.94%) -- Ticket Income $288,796
Level 3 -- Attendance: 1773 (88.65%) -- Ticket Income $76,239
Level 4 -- Attendance: 4000 (100.00%) -- Ticket Income $112,000
Luxury Box -- Attendance: 1000 (100.00%) -- Ticket Income $180,000
Game was played at the Place Banque Scotia.
Total Attendance: 17020 (94.56%)
Total Ticket Income: $1,275,035
Other Income: $191,255
Total Income: $1,466,290
Maple Leafs
5 vs 5 Forward
Center Left Wing Right Wing Time % Phy DF OF
1 Brayden Schenn Andre Burakovsky Patrick Kane 35 1 2 2
2 Mika Zibanejad Kyle Clifford Ben Smith 30 1 2 2
3 Jordan Staal Jake Guentzel Beau Bennett 25 1 2 2
4 Chris Kelly Dany Heatley Blake Comeau 10 1 2 2
5 vs 5 Defense
Defense Defense Time % Phy DF OF
1 Kevin Shattenkirk Hampus Lindholm 40 1 2 2
2 Braydon Coburn John Klingberg 30 1 2 2
3 Ryan Parent Calvin de Haan 20 1 2 2
4 Kevin Shattenkirk John Klingberg 10 1 2 2
PowerPlay Forward
Center Left Wing Right Wing Time % Phy DF OF
1 Brayden Schenn Kyle Clifford Patrick Kane 60 1 2 2
2 Mika Zibanejad Jake Guentzel Ben Smith 40 1 2 2
PowerPlay Defense
Defense Defense Time % Phy DF OF
1 Kevin Shattenkirk John Klingberg 60 1 2 2
2 Hampus Lindholm Braydon Coburn 40 1 2 2
Penalty Kill 4 Players Forward
Center Wing Time % Phy DF OF
1 Brayden Schenn Kyle Clifford 60 1 2 2
2 Jordan Staal Patrick Kane 40 1 2 2
Penalty Kill 4 Players Defense
Defense Defense Time % Phy DF OF
1 Braydon Coburn Ryan Parent 60 1 2 2
2 Kevin Shattenkirk Hampus Lindholm 40 1 2 2
Penalty Kill - 3 Players Forward
Forward Time % Phy DF OF
1 Brayden Schenn 60 1 2 2
2 Jordan Staal 40 1 2 2
Penalty Kill - 3 Players Defense
Defense Defense Time % Phy DF OF
1 Braydon Coburn Ryan Parent 60 1 2 2
2 Kevin Shattenkirk Hampus Lindholm 40 1 2 2
4 vs 4 Forward
Center Wing Time % Phy DF OF
1 Jordan Staal Patrick Kane 60 1 2 2
2 Brayden Schenn Kyle Clifford 40 1 2 2
4 vs 4 Defense
Defense Defense Time % Phy DF OF
1 Kevin Shattenkirk Braydon Coburn 60 1 2 2
2 John Klingberg Hampus Lindholm 40 1 2 2
Last Minutes Offensive
Center Left Wing Right Wing Defense Defense
Brayden Schenn Kyle Clifford Patrick Kane Kevin Shattenkirk John Klingberg
Last Minutes Defensive
Center Left Wing Right Wing Defense Defense
Jordan Staal Kyle Clifford Patrick Kane Kevin Shattenkirk Braydon Coburn
Goaltenders
Starting : John Gibson
Backup : Brian Elliott
Extra Forwards
Normal : Dany Heatley, Andre Burakovsky, Patrick Kane - PP : Dany Heatley, Patrick Kane - PK : Ben Smith
Extra Defensemen
Normal : Hampus Lindholm, Ryan Parent, Kevin Shattenkirk - PP : Hampus Lindholm - PK : Hampus Lindholm, Calvin de Haan
Penalty Shots
Patrick Kane, Andre Burakovsky, Brayden Schenn, Jordan Staal, Kyle Clifford
Scratches
None
Senateurs
5 vs 5 Forward
Center Left Wing Right Wing Time % Phy DF OF
1 Sidney Crosby Derek Boogaard Reilly Smith 40 1 2 2
2 Nick Bjugstad Matt Martin Colby Armstrong 30 1 2 2
3 Maxim Lapierre Sergei Kostitsyn Marek Svatos 20 1 2 2
4 Peter Regin Matt Moulson Brian McGrattan 10 1 2 2
5 vs 5 Defense
Defense Defense Time % Phy DF OF
1 Dion Phaneuf Cody Franson 40 1 2 2
2 Eric Gelinas Nate Prosser 30 1 2 2
3 Brandon Burlon Arturs Kulda 20 1 2 2
4 Dion Phaneuf Cody Franson 10 1 2 2
PowerPlay Forward
Center Left Wing Right Wing Time % Phy DF OF
1 Sidney Crosby Derek Boogaard Reilly Smith 60 1 2 2
2 Nick Bjugstad Matt Martin Colby Armstrong 40 1 2 2
PowerPlay Defense
Defense Defense Time % Phy DF OF
1 Dion Phaneuf Cody Franson 60 1 2 2
2 Eric Gelinas Nate Prosser 40 1 2 2
Penalty Kill 4 Players Forward
Center Wing Time % Phy DF OF
1 Sidney Crosby Derek Boogaard 60 1 2 2
2 Matt Martin Reilly Smith 40 1 2 2
Penalty Kill 4 Players Defense
Defense Defense Time % Phy DF OF
1 Dion Phaneuf Cody Franson 60 1 2 2
2 Eric Gelinas Nate Prosser 40 1 2 2
Penalty Kill - 3 Players Forward
Forward Time % Phy DF OF
1 Sidney Crosby 60 1 2 2
2 Derek Boogaard 40 1 2 2
Penalty Kill - 3 Players Defense
Defense Defense Time % Phy DF OF
1 Dion Phaneuf Cody Franson 60 1 2 2
2 Eric Gelinas Nate Prosser 40 1 2 2
4 vs 4 Forward
Center Wing Time % Phy DF OF
1 Sidney Crosby Derek Boogaard 60 1 2 2
2 Matt Martin Reilly Smith 40 1 2 2
4 vs 4 Defense
Defense Defense Time % Phy DF OF
1 Dion Phaneuf Cody Franson 60 1 2 2
2 Eric Gelinas Nate Prosser 40 1 2 2
Last Minutes Offensive
Center Left Wing Right Wing Defense Defense
Sidney Crosby Derek Boogaard Reilly Smith Dion Phaneuf Cody Franson
Last Minutes Defensive
Center Left Wing Right Wing Defense Defense
Sidney Crosby Derek Boogaard Reilly Smith Dion Phaneuf Cody Franson
Goaltenders
Starting : Jaroslav Halak
Backup : Jonas Hiller
Extra Forwards
Normal : Marek Svatos, Maxim Lapierre, Peter Regin - PP : Marek Svatos, Maxim Lapierre - PK : Peter Regin
Extra Defensemen
Normal : Brandon Burlon, Arturs Kulda, Eric Gelinas - PP : Brandon Burlon - PK : Arturs Kulda, Eric Gelinas
Penalty Shots
Sidney Crosby, Derek Boogaard, Matt Martin, Reilly Smith, Colby Armstrong
Scratches
None
% Time on Ice - Maple Leafs
Lines # - Real PCT - Wanted PCT - Time Play
Normal Forward
1 - 32% - 35% - 13:58
2 - 27% - 30% - 11:52
3 - 27% - 25% - 11:46
4 - 15% - 10% - 6:32
Normal Defense
1 - 40% - 40% - 17:32
2 - 32% - 30% - 14:19
3 - 22% - 20% - 9:43
4 - 6% - 10% - 2:34
PP Forward
1 - 52% - 60% - 3:07
2 - 48% - 40% - 2:50
PP Defense
1 - 57% - 60% - 3:22
2 - 43% - 40% - 2:35
PK Forward
1 - 68% - 60% - 6:45
2 - 32% - 40% - 3:10
PK Defense
1 - 71% - 60% - 7:02
2 - 29% - 40% - 2:53
PK3 Forward
1 - 0% - 60%
2 - 0% - 40%
PK3 Defense
1 - 0% - 60%
2 - 0% - 40%
44 Forward
1 - 0% - 60%
2 - 0% - 40%
44 Defense
1 - 0% - 60%
2 - 0% - 40%
Last Minute Offensive - 0:00
Last Minute Defensive - 0:00
Total
Forward - 60:00
Defense - 60:00
|
% Time on Ice - Senateurs
Lines # - Real PCT - Wanted PCT - Time Play
Normal Forward
1 - 37% - 40% - 16:07
2 - 30% - 30% - 13:02
3 - 17% - 20% - 7:38
4 - 17% - 10% - 7:21
Normal Defense
1 - 44% - 40% - 19:34
2 - 30% - 30% - 13:04
3 - 22% - 20% - 9:38
4 - 4% - 10% - 1:52
PP Forward
1 - 57% - 60% - 5:42
2 - 43% - 40% - 4:13
PP Defense
1 - 61% - 60% - 6:03
2 - 39% - 40% - 3:52
PK Forward
1 - 72% - 60% - 4:18
2 - 28% - 40% - 1:39
PK Defense
1 - 56% - 60% - 3:20
2 - 44% - 40% - 2:37
PK3 Forward
1 - 0% - 60%
2 - 0% - 40%
PK3 Defense
1 - 0% - 60%
2 - 0% - 40%
44 Forward
1 - 0% - 60%
2 - 0% - 40%
44 Defense
1 - 0% - 60%
2 - 0% - 40%
Last Minute Offensive - 0:00
Last Minute Defensive - 0:00
Total
Forward - 60:00
Defense - 60:00
|
Play-by-Play
1st period
0:01 of 1st period - Sidney Crosby wins face-off versus Brayden Schenn in neutral zone.
0:14 of 1st period - Dion Phaneuf is hit by Patrick Kane and loses puck.
0:37 of 1st period - Snap shot by Nick Bjugstad.
0:37 of 1st period - Stopped by John Gibson without a rebound.
0:38 of 1st period - Jordan Staal wins face-off versus Maxim Lapierre in Maple Leafs zone.
1:29 of 1st period - Icing by Reilly Smith.
1:30 of 1st period - Mika Zibanejad wins face-off versus Reilly Smith in Senateurs zone.
1:31 of 1st period - Slapshot by Kyle Clifford.
1:31 of 1st period - Shot Blocked by Derek Boogaard.
1:33 of 1st period - Slapshot by Ben Smith.
1:33 of 1st period - Shot Blocked by Nate Prosser.
1:35 of 1st period - Slapshot by Calvin de Haan.
1:35 of 1st period - Shot Misses the Net.
1:55 of 1st period - Wrist shot by Mika Zibanejad.
1:55 of 1st period - Shot Misses the Net.
2:19 of 1st period - Snap shot by Kyle Clifford.
2:19 of 1st period - Goal by Kyle Clifford - Maple Leafs : 1 - Senateurs : 0.
2:20 of 1st period - Brayden Schenn wins face-off versus Nick Bjugstad in neutral zone.
2:46 of 1st period - Cody Franson is hit by Kevin Shattenkirk and loses puck.
4:00 of 1st period - Minor Penalty to Beau Bennett for Slashing.
4:01 of 1st period - Brayden Schenn wins face-off versus Nick Bjugstad in Maple Leafs zone.
4:38 of 1st period - Braydon Coburn is hit by Colby Armstrong and loses puck.
4:45 of 1st period - Nick Bjugstad is hit by Jordan Staal and loses puck.
5:08 of 1st period - Slapshot by Sidney Crosby.
5:08 of 1st period - Stopped by John Gibson with a rebound.
5:10 of 1st period - Wrist shot by Derek Boogaard.
5:10 of 1st period - Stopped by John Gibson without a rebound.
5:11 of 1st period - Sidney Crosby wins face-off versus Brayden Schenn in Maple Leafs zone.
5:14 of 1st period - Wrist shot by Sidney Crosby.
5:14 of 1st period - Shot Blocked by Braydon Coburn.
5:16 of 1st period - Snap shot by Cody Franson.
5:16 of 1st period - Stopped by John Gibson without a rebound.
5:17 of 1st period - Derek Boogaard wins face-off versus Brayden Schenn in Maple Leafs zone.
5:32 of 1st period - Slapshot by Sidney Crosby.
5:32 of 1st period - Shot Misses the Net.
5:56 of 1st period - Snap shot by Derek Boogaard.
5:56 of 1st period - Stopped by John Gibson with a rebound.
6:00 of 1st period - Penalty to Beau Bennett is over, Beau Bennett is back on ice.
6:16 of 1st period - Snap shot by Jake Guentzel.
6:16 of 1st period - Stopped by Jaroslav Halak with a rebound.
6:26 of 1st period - Snap shot by Sidney Crosby.
6:26 of 1st period - Stopped by John Gibson with a rebound.
6:36 of 1st period - Snap shot by Chris Kelly.
6:36 of 1st period - Deflect By Blake Comeau.
6:36 of 1st period - Stopped by Jaroslav Halak with a rebound.
7:19 of 1st period - Nate Prosser is hit by Jordan Staal and loses puck.
7:40 of 1st period - Arturs Kulda is hit by Chris Kelly and loses puck.
8:12 of 1st period - Slapshot by Nick Bjugstad.
8:12 of 1st period - Stopped by John Gibson with a rebound.
8:33 of 1st period - Snap shot by Matt Martin.
8:33 of 1st period - Stopped by John Gibson without a rebound.
8:34 of 1st period - Brayden Schenn wins face-off versus Sidney Crosby in Maple Leafs zone.
8:34 of 1st period - Brayden Schenn is hit by Derek Boogaard.
8:50 of 1st period - Slapshot by Brayden Schenn.
8:50 of 1st period - Stopped by Jaroslav Halak without a rebound.
8:51 of 1st period - Maxim Lapierre wins face-off versus Jordan Staal in Senateurs zone.
9:25 of 1st period - Wrist shot by Patrick Kane.
9:25 of 1st period - Shot Misses the Net.
9:27 of 1st period - Wrist shot by Calvin de Haan.
9:27 of 1st period - Shot Blocked by Eric Gelinas.
9:29 of 1st period - Wrist shot by Brayden Schenn.
9:29 of 1st period - Stopped by Jaroslav Halak with a rebound.
9:49 of 1st period - Snap shot by Brian McGrattan.
9:49 of 1st period - Deflect By Peter Regin.
9:49 of 1st period - Shot Misses the Net.
9:49 of 1st period - Puck is out of play.
9:50 of 1st period - Andre Burakovsky wins face-off versus Nick Bjugstad in Maple Leafs zone.
10:24 of 1st period - Jordan Staal is hit by Derek Boogaard.
10:34 of 1st period - Minor Penalty to Reilly Smith for Hooking.
10:35 of 1st period - Sidney Crosby wins face-off versus Brayden Schenn in Senateurs zone.
11:10 of 1st period - Eric Gelinas is hit by John Klingberg and loses puck.
11:23 of 1st period - Slapshot by Peter Regin.
11:23 of 1st period - Stopped by John Gibson with a rebound.
11:52 of 1st period - Nate Prosser is hit by Patrick Kane and loses puck.
12:34 of 1st period - Penalty to Reilly Smith is over, Reilly Smith is back on ice.
12:42 of 1st period - Off-side.
12:43 of 1st period - Maxim Lapierre wins face-off versus Dany Heatley in neutral zone.
12:48 of 1st period - Slapshot by Calvin de Haan.
12:48 of 1st period - Deflect By Arturs Kulda.
12:48 of 1st period - Stopped by Jaroslav Halak with a rebound.
12:50 of 1st period - Slapshot by Calvin de Haan.
12:50 of 1st period - Stopped by Jaroslav Halak with a rebound.
13:48 of 1st period - Snap shot by Mika Zibanejad.
13:48 of 1st period - Stopped by Jaroslav Halak without a rebound.
13:49 of 1st period - Mika Zibanejad wins face-off versus Peter Regin in Senateurs zone.
13:58 of 1st period - Snap shot by Dion Phaneuf.
13:58 of 1st period - Deflect By Peter Regin.
13:58 of 1st period - Stopped by John Gibson without a rebound.
13:59 of 1st period - Sidney Crosby wins face-off versus Brayden Schenn in Maple Leafs zone.
14:10 of 1st period - Snap shot by Sidney Crosby.
14:10 of 1st period - Deflect By Hampus Lindholm.
14:10 of 1st period - Stopped by John Gibson without a rebound.
14:11 of 1st period - Brayden Schenn wins face-off versus Sidney Crosby in Maple Leafs zone.
14:11 of 1st period - Brayden Schenn is hit by Sidney Crosby.
14:19 of 1st period - Derek Boogaard is hit by Kevin Shattenkirk and loses puck.
14:45 of 1st period - Minor Penalty to Andre Burakovsky for Tripping.
14:46 of 1st period - Reilly Smith wins face-off versus Brayden Schenn in Maple Leafs zone.
14:54 of 1st period - Snap shot by Sidney Crosby.
14:54 of 1st period - Shot Blocked by Ryan Parent.
14:56 of 1st period - Slapshot by Cody Franson.
14:56 of 1st period - Deflect By Sidney Crosby.
14:56 of 1st period - Shot Blocked by Brayden Schenn.
14:56 of 1st period - Puck is out of play.
14:57 of 1st period - Brayden Schenn wins face-off versus Reilly Smith in Maple Leafs zone.
15:29 of 1st period - Slapshot by Cody Franson.
15:29 of 1st period - Deflect By Ryan Parent.
15:29 of 1st period - Stopped by John Gibson without a rebound.
15:30 of 1st period - Sidney Crosby wins face-off versus Jordan Staal in Maple Leafs zone.
15:41 of 1st period - Hampus Lindholm is hit by Derek Boogaard and loses puck.
16:45 of 1st period - Penalty to Andre Burakovsky is over, Andre Burakovsky is back on ice.
17:39 of 1st period - Wrist shot by Mika Zibanejad.
17:39 of 1st period - Stopped by Jaroslav Halak without a rebound.
17:40 of 1st period - Sidney Crosby wins face-off versus Mika Zibanejad in Senateurs zone.
17:40 of 1st period - Sidney Crosby is hit by Mika Zibanejad.
18:28 of 1st period - Brayden Schenn is hit by Colby Armstrong and loses puck.
18:51 of 1st period - Snap shot by Chris Kelly.
18:51 of 1st period - Stopped by Jaroslav Halak with a rebound.
18:53 of 1st period - Slapshot by Braydon Coburn.
18:53 of 1st period - Stopped by Jaroslav Halak without a rebound.
18:54 of 1st period - Chris Kelly wins face-off versus Peter Regin in Senateurs zone.
18:59 of 1st period - Slapshot by Kevin Shattenkirk.
18:59 of 1st period - Shot Blocked by Dion Phaneuf.
19:02 of 1st period - Icing by Dion Phaneuf.
19:03 of 1st period - Peter Regin wins face-off versus Brayden Schenn in Senateurs zone.
19:09 of 1st period - Off-side.
19:10 of 1st period - Sidney Crosby wins face-off versus Brayden Schenn in neutral zone.
19:32 of 1st period - Icing by Hampus Lindholm.
19:33 of 1st period - Nick Bjugstad wins face-off versus Jordan Staal in Maple Leafs zone.
19:44 of 1st period - Slapshot by Kevin Shattenkirk.
19:44 of 1st period - Stopped by Jaroslav Halak with a rebound.
Goals for this period are 1 for Maple Leafs vs 0 for Senateurs.
Shots for this period are 12 for Maple Leafs vs 12 for Senateurs.
2nd period
0:01 of 2nd period - Sidney Crosby wins face-off versus Brayden Schenn in neutral zone.
0:04 of 2nd period - Slapshot by Dion Phaneuf.
0:04 of 2nd period - Shot Blocked by John Klingberg.
0:45 of 2nd period - Colby Armstrong is hit by Braydon Coburn and loses puck.
1:32 of 2nd period - Snap shot by Nick Bjugstad.
1:32 of 2nd period - Deflect By Colby Armstrong.
1:32 of 2nd period - Shot Blocked by Jake Guentzel.
1:32 of 2nd period - Puck is out of play.
1:33 of 2nd period - Brayden Schenn wins face-off versus Sidney Crosby in Maple Leafs zone.
2:02 of 2nd period - Slapshot by Maxim Lapierre.
2:02 of 2nd period - Shot Misses the Net.
2:04 of 2nd period - Slapshot by Sergei Kostitsyn.
2:04 of 2nd period - Stopped by John Gibson without a rebound.
2:05 of 2nd period - Maxim Lapierre wins face-off versus Mika Zibanejad in Maple Leafs zone.
2:06 of 2nd period - Slapshot by Marek Svatos.
2:06 of 2nd period - Stopped by John Gibson with a rebound.
2:08 of 2nd period - Snap shot by Maxim Lapierre.
2:08 of 2nd period - Stopped by John Gibson with a rebound.
2:10 of 2nd period - Snap shot by Marek Svatos.
2:10 of 2nd period - Stopped by John Gibson with a rebound.
2:12 of 2nd period - Snap shot by Maxim Lapierre.
2:12 of 2nd period - Shot Blocked by Ben Smith.
2:14 of 2nd period - Slapshot by Arturs Kulda.
2:14 of 2nd period - Shot Blocked by Ryan Parent.
2:30 of 2nd period - Reilly Smith is hit by Patrick Kane and loses puck.
2:50 of 2nd period - Off-side.
2:51 of 2nd period - Peter Regin wins face-off versus Chris Kelly in neutral zone.
3:03 of 2nd period - John Klingberg is hit by Cody Franson and loses puck.
3:18 of 2nd period - Matt Moulson is hit by Braydon Coburn and loses puck.
3:30 of 2nd period - Minor Penalty to Matt Moulson for Roughing.
3:31 of 2nd period - Sidney Crosby wins face-off versus Brayden Schenn in Senateurs zone.
4:36 of 2nd period - Snap shot by Peter Regin.
4:36 of 2nd period - Stopped by John Gibson with a rebound.
5:30 of 2nd period - Penalty to Matt Moulson is over, Matt Moulson is back on ice.
5:40 of 2nd period - Slapshot by Marek Svatos.
5:40 of 2nd period - Stopped by John Gibson with a rebound.
5:54 of 2nd period - Snap shot by Peter Regin.
5:54 of 2nd period - Shot Misses the Net.
5:56 of 2nd period - Slapshot by Peter Regin.
5:56 of 2nd period - Deflect By Jordan Staal.
5:56 of 2nd period - Stopped by John Gibson without a rebound.
5:57 of 2nd period - Peter Regin wins face-off versus Jordan Staal in Maple Leafs zone.
6:22 of 2nd period - Slapshot by Matt Martin.
6:22 of 2nd period - Stopped by John Gibson without a rebound.
6:23 of 2nd period - Nick Bjugstad wins face-off versus Patrick Kane in Maple Leafs zone.
6:32 of 2nd period - Snap shot by Colby Armstrong.
6:32 of 2nd period - Stopped by John Gibson without a rebound.
6:33 of 2nd period - Sidney Crosby wins face-off versus Brayden Schenn in Maple Leafs zone.
6:41 of 2nd period - Off-side.
6:42 of 2nd period - Brayden Schenn wins face-off versus Sidney Crosby in neutral zone.
6:59 of 2nd period - Wrist shot by Sidney Crosby.
6:59 of 2nd period - Shot Blocked by Hampus Lindholm.
7:13 of 2nd period - Icing by Sidney Crosby.
7:14 of 2nd period - Mika Zibanejad wins face-off versus Sidney Crosby in Senateurs zone.
7:17 of 2nd period - Snap shot by Kyle Clifford.
7:17 of 2nd period - Stopped by Jaroslav Halak with a rebound.
7:24 of 2nd period - Icing by Cody Franson.
7:25 of 2nd period - Sidney Crosby wins face-off versus Brayden Schenn in Senateurs zone.
7:35 of 2nd period - Slapshot by Kevin Shattenkirk.
7:35 of 2nd period - Stopped by Jaroslav Halak without a rebound.
7:36 of 2nd period - Nick Bjugstad wins face-off versus Brayden Schenn in Senateurs zone.
8:27 of 2nd period - Wrist shot by Sidney Crosby.
8:27 of 2nd period - Stopped by John Gibson without a rebound.
8:28 of 2nd period - Jordan Staal wins face-off versus Sidney Crosby in Maple Leafs zone.
8:37 of 2nd period - Snap shot by Sidney Crosby.
8:37 of 2nd period - Shot Blocked by Jordan Staal.
8:59 of 2nd period - Snap shot by Jordan Staal.
8:59 of 2nd period - Stopped by Jaroslav Halak without a rebound.
9:00 of 2nd period - Nick Bjugstad wins face-off versus Brayden Schenn in Senateurs zone.
9:48 of 2nd period - Dion Phaneuf is hit by Beau Bennett and loses puck.
9:49 of 2nd period - Dion Phaneuf from Senateurs is injured at 9:49 of 2nd period (Sports Hernia).
9:50 of 2nd period - Brayden Schenn wins face-off versus Sidney Crosby in Senateurs zone.
9:53 of 2nd period - Snap shot by Kevin Shattenkirk.
9:53 of 2nd period - Stopped by Jaroslav Halak with a rebound.
9:59 of 2nd period - Snap shot by Sidney Crosby.
9:59 of 2nd period - Shot Misses the Net.
10:01 of 2nd period - Snap shot by Reilly Smith.
10:01 of 2nd period - Stopped by John Gibson with a rebound.
10:15 of 2nd period - Colby Armstrong is hit by Kyle Clifford and loses puck.
10:23 of 2nd period - Minor Penalty to Colby Armstrong for Interference.
10:24 of 2nd period - Sidney Crosby wins face-off versus Brayden Schenn in Senateurs zone.
11:49 of 2nd period - Kyle Clifford is hit by Nate Prosser and loses puck.
12:23 of 2nd period - Penalty to Colby Armstrong is over, Colby Armstrong is back on ice.
12:29 of 2nd period - Off-side.
12:30 of 2nd period - Blake Comeau wins face-off versus Sergei Kostitsyn in neutral zone.
13:52 of 2nd period - Off-side.
13:53 of 2nd period - Peter Regin wins face-off versus Jordan Staal in neutral zone.
13:58 of 2nd period - John Klingberg is hit by Matt Moulson and loses puck.
14:16 of 2nd period - Icing by Mika Zibanejad.
14:17 of 2nd period - Derek Boogaard wins face-off versus Mika Zibanejad in Maple Leafs zone.
14:32 of 2nd period - Snap shot by Ben Smith.
14:32 of 2nd period - Stopped by Jaroslav Halak with a rebound.
16:07 of 2nd period - Wrist shot by Matt Martin.
16:07 of 2nd period - Stopped by John Gibson without a rebound.
16:08 of 2nd period - Nick Bjugstad wins face-off versus Brayden Schenn in Maple Leafs zone.
16:11 of 2nd period - Wrist shot by Matt Martin.
16:11 of 2nd period - Shot Misses the Net.
16:13 of 2nd period - Wrist shot by Colby Armstrong.
16:13 of 2nd period - Deflect By Nick Bjugstad.
16:13 of 2nd period - Stopped by John Gibson with a rebound.
16:42 of 2nd period - Snap shot by Brayden Schenn.
16:42 of 2nd period - Stopped by Jaroslav Halak without a rebound.
16:43 of 2nd period - Mika Zibanejad wins face-off versus Sidney Crosby in Senateurs zone.
16:46 of 2nd period - Wrist shot by Kyle Clifford.
16:46 of 2nd period - Stopped by Jaroslav Halak without a rebound.
16:47 of 2nd period - Sidney Crosby wins face-off versus Mika Zibanejad in Senateurs zone.
16:47 of 2nd period - Sidney Crosby is hit by Mika Zibanejad.
17:13 of 2nd period - Nick Bjugstad is hit by Andre Burakovsky and loses puck.
17:20 of 2nd period - Backhand shot by Patrick Kane.
17:20 of 2nd period - Shot Blocked by Nate Prosser.
17:22 of 2nd period - Slapshot by Braydon Coburn.
17:22 of 2nd period - Shot Misses the Net.
17:24 of 2nd period - Wrist shot by Patrick Kane.
17:24 of 2nd period - Deflect By Nick Bjugstad.
17:24 of 2nd period - Shot Misses the Net.
17:24 of 2nd period - Puck is out of play.
17:25 of 2nd period - Jordan Staal wins face-off versus Sidney Crosby in Senateurs zone.
17:26 of 2nd period - Snap shot by Jake Guentzel.
17:26 of 2nd period - Shot Misses the Net.
17:40 of 2nd period - Wrist shot by Reilly Smith.
17:40 of 2nd period - Deflect By Jordan Staal.
17:40 of 2nd period - Stopped by John Gibson without a rebound.
17:41 of 2nd period - Nick Bjugstad wins face-off versus Brayden Schenn in Maple Leafs zone.
18:54 of 2nd period - Brandon Burlon is hit by Brayden Schenn and loses puck.
19:08 of 2nd period - Off-side.
19:09 of 2nd period - Kyle Clifford wins face-off versus Sidney Crosby in neutral zone.
19:30 of 2nd period - Minor Penalty to Ben Smith for Hooking.
19:31 of 2nd period - Mika Zibanejad wins face-off versus Sidney Crosby in Maple Leafs zone.
19:46 of 2nd period - Backhand shot by Derek Boogaard.
19:46 of 2nd period - Shot Misses the Net.
Goals for this period are 0 for Maple Leafs vs 0 for Senateurs.
Shots for this period are 7 for Maple Leafs vs 14 for Senateurs.
3rd period
0:01 of 3rd period - Kyle Clifford wins face-off versus Sidney Crosby in neutral zone.
1:01 of 3rd period - Sidney Crosby is hit by Patrick Kane and loses puck.
1:30 of 3rd period - Penalty to Ben Smith is over, Ben Smith is back on ice.
1:38 of 3rd period - Wrist shot by Peter Regin.
1:38 of 3rd period - Stopped by John Gibson with a rebound.
2:02 of 3rd period - Slapshot by Arturs Kulda.
2:02 of 3rd period - Shot Blocked by Ryan Parent.
2:06 of 3rd period - Wrist shot by Maxim Lapierre.
2:06 of 3rd period - Goal by Maxim Lapierre - Maple Leafs : 1 - Senateurs : 1.
2:07 of 3rd period - Beau Bennett wins face-off versus Sidney Crosby in neutral zone.
2:33 of 3rd period - Icing by Derek Boogaard.
2:34 of 3rd period - Nick Bjugstad wins face-off versus Brayden Schenn in Senateurs zone.
2:43 of 3rd period - Wrist shot by Matt Martin.
2:43 of 3rd period - Stopped by John Gibson with a rebound.
2:51 of 3rd period - Wrist shot by Andre Burakovsky.
2:51 of 3rd period - Stopped by Jaroslav Halak with a rebound.
3:57 of 3rd period - Slapshot by Peter Regin.
3:57 of 3rd period - Shot Misses the Net.
3:59 of 3rd period - Snap shot by Brian McGrattan.
3:59 of 3rd period - Goal by Brian McGrattan - Maple Leafs : 1 - Senateurs : 2.
4:00 of 3rd period - Mika Zibanejad wins face-off versus Derek Boogaard in neutral zone.
4:08 of 3rd period - Wrist shot by Sidney Crosby.
4:08 of 3rd period - Shot Blocked by Mika Zibanejad.
4:33 of 3rd period - Beau Bennett is hit by Derek Boogaard and loses puck.
4:38 of 3rd period - Snap shot by Sidney Crosby.
4:38 of 3rd period - Stopped by John Gibson with a rebound.
4:40 of 3rd period - Slapshot by Sidney Crosby.
4:40 of 3rd period - Stopped by John Gibson without a rebound.
4:41 of 3rd period - Mika Zibanejad wins face-off versus Nick Bjugstad in Maple Leafs zone.
4:43 of 3rd period - Minor Penalty to Ben Smith for Holding.
4:44 of 3rd period - Sidney Crosby wins face-off versus Kyle Clifford in Maple Leafs zone.
4:46 of 3rd period - Wrist shot by Sidney Crosby.
4:46 of 3rd period - Deflect By Braydon Coburn.
4:46 of 3rd period - Stopped by John Gibson without a rebound.
4:47 of 3rd period - Brayden Schenn wins face-off versus Sidney Crosby in Maple Leafs zone.
6:43 of 3rd period - Penalty to Ben Smith is over, Ben Smith is back on ice.
7:08 of 3rd period - Dany Heatley is hit by Brian McGrattan and loses puck.
7:19 of 3rd period - Eric Gelinas is hit by Jake Guentzel.
7:20 of 3rd period - Icing by Eric Gelinas.
7:21 of 3rd period - Jordan Staal wins face-off versus Maxim Lapierre in Senateurs zone.
7:55 of 3rd period - Wrist shot by Matt Martin.
7:55 of 3rd period - Shot Blocked by Ryan Parent.
8:07 of 3rd period - Wrist shot by Mika Zibanejad.
8:07 of 3rd period - Stopped by Jaroslav Halak without a rebound.
8:08 of 3rd period - Mika Zibanejad wins face-off versus Peter Regin in Senateurs zone.
10:20 of 3rd period - Ryan Parent is hit by Cody Franson and loses puck.
10:33 of 3rd period - Slapshot by Calvin de Haan.
10:33 of 3rd period - Deflect By Kyle Clifford.
10:33 of 3rd period - Stopped by Jaroslav Halak with a rebound.
10:35 of 3rd period - Backhand shot by Ben Smith.
10:35 of 3rd period - Stopped by Jaroslav Halak without a rebound.
10:36 of 3rd period - Mika Zibanejad wins face-off versus Peter Regin in Senateurs zone.
10:45 of 3rd period - Kevin Shattenkirk is hit by Cody Franson and loses puck.
10:58 of 3rd period - Hampus Lindholm is hit by Derek Boogaard and loses puck.
11:44 of 3rd period - Wrist shot by Patrick Kane.
11:44 of 3rd period - Shot Blocked by Nate Prosser.
11:46 of 3rd period - Snap shot by Andre Burakovsky.
11:46 of 3rd period - Shot Misses the Net.
11:54 of 3rd period - Snap shot by Patrick Kane.
11:54 of 3rd period - Stopped by Jaroslav Halak with a rebound.
12:06 of 3rd period - Snap shot by Peter Regin.
12:06 of 3rd period - Shot Misses the Net.
12:08 of 3rd period - Slapshot by Nate Prosser.
12:08 of 3rd period - Deflect By John Klingberg.
12:08 of 3rd period - Stopped by John Gibson with a rebound.
12:10 of 3rd period - Snap shot by Peter Regin.
12:10 of 3rd period - Shot Misses the Net.
12:12 of 3rd period - Slapshot by Nate Prosser.
12:12 of 3rd period - Stopped by John Gibson with a rebound.
12:20 of 3rd period - Minor Penalty to Braydon Coburn for Holding.
12:21 of 3rd period - Sidney Crosby wins face-off versus Brayden Schenn in Maple Leafs zone.
12:36 of 3rd period - Slapshot by Sidney Crosby.
12:36 of 3rd period - Shot Blocked by Ryan Parent.
12:46 of 3rd period - Kyle Clifford is hit by Colby Armstrong and loses puck.
13:07 of 3rd period - Eric Gelinas is hit by Patrick Kane and loses puck.
13:58 of 3rd period - Kevin Shattenkirk is hit by Matt Martin and loses puck.
14:20 of 3rd period - Penalty to Braydon Coburn is over, Braydon Coburn is back on ice.
15:55 of 3rd period - Calvin de Haan is hit by Brian McGrattan and loses puck.
16:06 of 3rd period - Cody Franson is hit by Ryan Parent and loses puck.
16:38 of 3rd period - Chris Kelly is hit by Marek Svatos and loses puck.
16:42 of 3rd period - Icing by Braydon Coburn.
16:43 of 3rd period - Chris Kelly wins face-off versus Matt Moulson in Maple Leafs zone.
16:54 of 3rd period - Slapshot by Blake Comeau.
16:54 of 3rd period - Stopped by Jaroslav Halak without a rebound.
16:55 of 3rd period - Jordan Staal wins face-off versus Maxim Lapierre in Senateurs zone.
16:58 of 3rd period - Slapshot by Hampus Lindholm.
16:58 of 3rd period - Shot Misses the Net.
17:20 of 3rd period - Derek Boogaard is hit by Andre Burakovsky and loses puck.
17:51 of 3rd period - Wrist shot by Kyle Clifford.
17:51 of 3rd period - Deflect By Mika Zibanejad.
17:51 of 3rd period - Shot Misses the Net.
17:51 of 3rd period - Puck is out of play.
17:52 of 3rd period - Sidney Crosby wins face-off versus Jordan Staal in Senateurs zone.
17:58 of 3rd period - Off-side.
17:59 of 3rd period - Jordan Staal wins face-off versus Sidney Crosby in neutral zone.
18:06 of 3rd period - Snap shot by Beau Bennett.
18:06 of 3rd period - Stopped by Jaroslav Halak with a rebound.
18:18 of 3rd period - Snap shot by Beau Bennett.
18:18 of 3rd period - Stopped by Jaroslav Halak with a rebound.
19:34 of 3rd period - Maple Leafs, John Gibson is pulled from the net.
19:34 of 3rd period - Slapshot by John Klingberg.
19:34 of 3rd period - Shot Blocked by Cody Franson.
19:48 of 3rd period - Wrist shot by Cody Franson.
19:48 of 3rd period - Deflect By Beau Bennett.
19:48 of 3rd period - Goal by Cody Franson - Maple Leafs : 1 - Senateurs : 3.
19:48 of 3rd period - John Gibson from Maple Leafs was sent back in the game.
19:49 of 3rd period - Marek Svatos wins face-off versus Chris Kelly in neutral zone.
19:54 of 3rd period - Snap shot by Peter Regin.
19:54 of 3rd period - Stopped by John Gibson with a rebound.
Goals for this period are 0 for Maple Leafs vs 3 for Senateurs.
Shots for this period are 8 for Maple Leafs vs 11 for Senateurs.